 Dungeon Crawl Stone Soup version 0.31-a0-818-ge7c7cf74f0 (webtiles) character file.

Game seed: 17820398622605701542

53 Kurtz the Chopper (level 3, 0/26 HPs)
             Began as an Octopode Fighter on Sept 23, 2023.
             Slain by a bat (1 damage)
             ... on level 2 of the Dungeon.
             The game lasted 00:00:53 (1639 turns).

Kurtz the Chopper (Octopode Fighter)                Turns: 1639, Time: 00:00:54

Health: 0/26       AC:  1    Str: 16 (17) XL:     3   Next: 87%
Magic:  3/3        EV: 13    Int:  9 (10) God:
Gold:   66         SH:  4    Dex:  9 (11) Spells: 2/2 levels left

rFire   . . .        a - +0 war axe
rCold   . . .        b - +0 buckler
rNeg    . . .        (helmet restricted)
rPois   .            (no amulet)
rElec   .            (no ring)
rCorr   .            (no ring)
SInv    .            (no ring)
Will    .....        (no ring)
Stlth   ++           (no ring)
HPRegen 0.24/turn    (no ring)
MPRegen 0.08/turn    (no ring)
                     (no ring)

%: no passive effects
@: mighty, attractive
A: almost no armour, amphibious, 8 rings, camouflage 1, gelatinous body 1,
(nimble swimmer 1), tentacles
a: no special abilities


You were on level 2 of the Dungeon.
You visited 1 branch of the dungeon, and saw 2 of its levels.

You collected 66 gold pieces.

Inventory:

Hand Weapons
 a - a +0 war axe (weapon)
Armour
 b - a +0 buckler (worn)
 e - a +0 hat
Jewellery
 f - a ring of protection from fire
Scrolls
 g - a scroll of identify {unknown}
 h - a scroll of teleportation {unknown}
Potions
 d - a potion of attraction


   Skills:
 - Level 3.0 Fighting
 * Level 4.1 Axes
 - Level 3.0 Dodging
 - Level 3.0 Shields


You had 2 spell levels left.
You didn't know any spells.
Your spell library was empty.

Dungeon Overview and Level Annotations

Branches:
Dungeon (2/15)

Altars:


Innate Abilities, Weirdness & Mutations

You cannot wear most types of armour.
You are amphibious.
You can wear up to eight rings at the same time.
Your skin changes colour to match your surroundings (Stealth+).
Your rubbery body absorbs attacks. (AC +1, EV +1)
((You are camouflaged when in or above water. (Stealth+)))
You have tentacles for arms and can constrict up to eight enemies at once.


Message History

There was something very wrong with that liquid.
You feel weakened.
You feel dopey.
You feel clumsy. The bat barely misses you. The bat closely misses you.
The adder bites you.
* * * LOW HITPOINT WARNING * * *
You are poisoned.
The adder poisons you! The adder is attracted toward you.
Unknown command.
Okay, then.
You feel very mighty all of a sudden.
You feel sick. The bat hits you.
* * * LOW HITPOINT WARNING * * *
You block the bat's attack. The adder barely misses you.
The bat barely misses you. The goblin closely misses you.
Unknown command.
Unknown command.
You closely miss the goblin. Your grab misses the goblin.
You completely miss the adder. You closely miss the bat.
* * * LOW HITPOINT WARNING * * *
You feel sick. You block the bat's attack. The adder closely misses you.
You block the adder's attack. The bat is attracted toward you.
Unknown command.
You slash the endoplasm!
You kill the endoplasm!
You closely miss the bat. You slash the goblin!
You kill the goblin!
You closely miss the adder.
* * * LOW HITPOINT WARNING * * *
You feel sick.
You are no longer poisoned.
The bat closely misses you. The bat barely misses you.
The adder closely misses you. You block the bat's attack.
The hobgoblin barely misses you. The adder bites you but does no damage.
The bat is attracted toward you. The adder is attracted toward you.
Unknown command.
You closely miss the hobgoblin. You grab the hobgoblin.
You squeeze the hobgoblin.
You kill the hobgoblin!
You closely miss the adder. You closely miss the bat.
You block the bat's attack. x2; The adder barely misses you.
The bat hits you.
You die...

### ### ##############
#.####.# ##............##
#......# #..##..........#
#.####.#
###.#...######...## #.# #.#
#.....###....###..# #.# #.#
#....##§.......#..## #.#
#.# #.#..#..######.....#
#.#
#.###.#.##.##.§..##....####
#.#
#>......#b@#gb?...#........
#.#
###.....#Sb#.!..?.#........
#.#
###...#.g.)g....#..#...##
#.# #...#§.§†..!..#..#..##
#.# #...##..#....##.##..#
#.# #....#..######..#..##
#.# #....##^. ##.## ##'###
#.....### ###..# .....#
##.......######...##


You could see an adder, a goblin and 2 bats.

Vanquished Creatures
  3 dart slugs (D:2)
  2 bats (D:1)
  8 endoplasms
  A giant cockroach (D:1)
  6 goblins
  4 hobgoblins
  4 jackals (D:1)
  3 kobolds
  A quokka (D:2)
  3 ball pythons
  4 frilled lizards
  3 rats (D:1)
42 creatures vanquished.

Notes
Turn   | Place    | Note
-------+----------+-------------------------------------------
     0 | D:1      | Kurtz the Octopode Fighter began the quest for the Orb.
     0 | D:1      | Reached XP level 1. HP: 16/16 MP: 1/1
    68 | D:1      | Reached XP level 2. HP: 16/21 MP: 2/2
   167 | D:1      | Reached skill level 3 in Axes
   727 | D:1      | Reached XP level 3. HP: 26/26 MP: 3/3
  1629 | D:2      | Reached skill level 4 in Axes
  1638 | D:2      | HP: 1/26 [poisoned by an adder]
  1639 | D:2      | Slain by a bat

Illustrated notes

Levels and vault maps discovered:
D:1:      ncdulo_halloftheorcs, layout_basic, nrook_campfire
D:2:      layout_basic, basic_altar, minmay_randomly_rotated_circles

Skill      XL: |  1  2  3 |
---------------+----------+-----
Axes           | 3 4 |  4.1
Fighting       | |  3.0
Dodging        | |  3.0
Shields        | |  3.0

Action                     || total
---------------------------++-------
  Melee: War axe           ||    70
         Constrict         ||    19
         Tentacles         ||     9
    Use: Potion            ||     3
   Stab: Sleeping          ||     7
 Armour: Skin              ||    39
  Dodge: Dodged            ||    64
  Block: Buckler           ||    20

Table legend: (Time is in decaauts)
 A = Elapsed time spent in this place.
 B = Non-inter-level travel time spent in this place.
 C = Inter-level travel time spent in this place.
 D = Time resting spent in this place.
 E = Time spent auto-exploring this place.
 F = Levels seen in this place.
 G = Mean time per level.
                   A        B        C        D        E       F      G
               +--------+--------+--------+--------+--------+-----+--------+
         Total |   1664 |   1572 |     92 |      0 |   1320 |   2 |  832.0 |
       Dungeon |   1664 |   1572 |     92 |      0 |   1320 |   2 |  832.0 |
               +--------+--------+--------+--------+--------+-----+--------+

Top non-repeatable levels by time:
     D:1: 1003 daAuts
     D:2: 661 daAuts
